[Event "44th Chess Olympiad Women 2022"]
[Site "Chennai"]
[Date "2022.07.30"]
[Round "2.7"]
[White "Malikova, Marjona"]
[Black "Abrahamyan, Tatev"]
[Result "0-1"]
[ECO "E35"]
[WhiteElo "1756"]
[BlackElo "2291"]
[Annotator "TA"]
[PlyCount "70"]
[EventDate "2022.07.29"]
[EventType "team-tourn"]
[EventCountry "IND"]
[SourceTitle "playchess.com"]
[Source "ChessBase"]
[SourceQuality "1"]
[WhiteTeam "Uzbekistan"]
[BlackTeam "United States"]
[WhiteTeamCountry "UZB"]
[BlackTeamCountry "USA"]
[TimeControl "40/5400+30:1800+30"]

1. d4 Nf6 2. c4 e6 3. Nc3 Bb4 4. Qc2 d5 5. cxd5 exd5 6. Bg5 h6 7. Bxf6 Qxf6 8. a3 Bxc3+ 9. Qxc3 O-O {[%emt 0:01:33] E35: Nimzo-Indian: Classical: 4...d5 5 cxd5 exd5.} 10. Nf3 Nc6 11. e3 Bg4 {[%emt 0:02:35] The position is equal.} 12. Be2 a5 {[%emt 0:04:38] [#]} 13. h3 $146 ({Predecessor:} 13. O-O Qd6 14. Rac1 Rfc8 15. h3 Bh5 16. Qc5 Qd8 17. Qc2 Ne7 18. Ne5 Bxe2 19. Qxe2 Qd6 20. Qf3 Qe6 21. Nd3 Qf5 22. Qxf5 Nxf5 {½-½ (22) Soos,B-Bellin,R Eksjo 1973}) 13... Bh5 14. Ne5 ({White should play} 14. O-O $14) 14... Bxe2 $15 15. Nxc6 (15. Nd7 $2 Qe7 16. Nxf8 Bc4 $19) 15... Ba6 16. Ne5 Rfe8 17. Qxa5 $2 {[%emt 0:12:25] [#]} (17. Qxc7 $2 Rec8 18. Qxf7+ Qxf7 19. Nxf7 Kxf7 $19) (17. Nd3 $1 $15) 17... Qd6 ({Not} 17... c6 18. Qc3 $11) (17... c5 $1 $19 {[%cal Rc5d4] Hoping for ...cxd4.} 18. Qxc5 Rac8 19. Qxd5 Rc2) 18. Qd2 c5 {[%emt 0:03:43] aiming for ...cxd4.} 19. O-O-O cxd4 20. exd4 f6 21. Nd3 Re4 {[%emt 0:02:50][%mdl 1024] Black has compensation.} 22. Qb4 Qc6+ 23. Kb1 Re2 $36 {[%emt 0:02:11][%mdl 2048] Black has some pressure.} 24. Nc5 Bc4 {[%emt 0:04:10] And now ...b6 would win.} 25. Rc1 (25. Rd2 $11) 25... Rxf2 $17 26. Rhe1 (26. g4 $17) 26... b6 $19 ({Stronger than} 26... Rxg2 27. Ne6) 27. Nb3 Re8 28. Rxe8+ $2 (28. g4 {keeps fighting.}) 28... Qxe8 29. Re1 {[%emt 0:02:17] Inhibits Qe4+.} Qg6+ ({But not} 29... Re2 $2 30. Rxe2 Qxe2 31. Qc3 $19) 30. Ka1 Qxg2 31. Nc1 Rc2 32. b3 {[%emt 0:00:42] [#]} (32. Na2 $142 Qxh3 33. Qxb6) 32... Bd3 $1 33. Qxb6 (33. Re8+ Kh7) 33... Qd2 {[%emt 0:00:54] Active counter play! Black mates.} 34. Qe6+ Kh7 35. Qe3 Qc3+ {[%emt 0:00:08] Weighted Error Value: White=0.67/Black=0.09 (flawless)} 0-1

[Event "44th Chess Olympiad Women 2022"]
[Site "Chennai"]
[Date "2022.07.30"]
[Round "2.8"]
[White "Schneider, Jana"]
[Black "Steffensen, Elena"]
[Result "1-0"]
[ECO "B08"]
[WhiteElo "2342"]
[BlackElo "2044"]
[Annotator "TA"]
[PlyCount "55"]
[EventDate "2022.07.29"]
[EventType "team-tourn"]
[EventCountry "IND"]
[SourceTitle "playchess.com"]
[Source "ChessBase"]
[SourceQuality "1"]
[WhiteTeam "Germany"]
[BlackTeam "Denmark"]
[WhiteTeamCountry "GER"]
[BlackTeamCountry "DEN"]
[TimeControl "40/5400+30:1800+30"]

1. e4 g6 2. d4 Bg7 3. Nc3 c6 4. Bc4 d6 5. Bb3 Nf6 6. Nf3 O-O 7. O-O b5 8. e5 {[%emt 0:08:24] B08: Pirc Defence: Classical System.} Ne8 9. Bg5 {[%emt 0:05:54] [#]} h6 $146 ({Predecessor:} 9... b4 10. Ne4 d5 11. Ng3 f6 12. exf6 exf6 13. Bd2 a5 14. a3 a4 15. axb4 axb3 16. Rxa8 Ba6 17. Re1 Qb6 18. b5 Nc7 19. Rxb8 {1-0 (19) Salomon,J (2317)-Hansen,L (2027) Oslo 2014}) 10. Be3 {[%emt 0:04:15] White is better.} d5 (10... a5 $142) 11. Qd2 Kh7 12. Nh4 e6 13. Nf3 Nd7 14. h4 (14. Ne2 $16) 14... c5 (14... f6 $11 {keeps the balance.}) 15. Nxb5 $16 (15. dxc5 Nxe5 16. Nxe5 (16. Nxb5 Nxf3+ 17. gxf3 Bb7 $17) 16... Bxe5 $14) 15... Ba6 16. a4 {[%emt 0:05:16][%cal Ba2a4,Ba4b5][%mdl 32] 0x0.001f24f210f6dp-1022s more active pieces.} Rb8 (16... Nc7 $16) 17. c4 $2 {[%emt 0:01:48] [#]} (17. dxc5 $6 Nxe5 18. Nxe5 Bxe5 $16) ({White should try} 17. h5 $18) 17... cxd4 ({Better is} 17... dxc4 $1 $14 18. Bxc4 Bb7) 18. Qxd4 ({Don't play} 18. Bxd4 $6 dxc4 19. Bxc4 Nxe5 20. Bxe5 (20. Nxe5 Bxe5 21. Rfd1 Bxd4 $11) 20... Qxd2 21. Nxd2 Bxe5 $11) 18... Bxb5 $2 {[%emt 0:03:28] Loses the game.} (18... Nd6 $16) 19. axb5 $18 Nd6 20. Rxa7 Nf5 21. Qf4 Nxe3 22. Qxe3 ({Don't do} 22. fxe3 Qe8 23. cxd5 Nc5) 22... dxc4 23. Bxc4 {[%emt 0:03:04] [#] And now Rd1 would win.} Nb6 24. Be2 {[%emt 0:01:17][%cal Oh4h5] h5! is the strong threat.} Nd5 25. Qe4 Ne7 $2 (25... Ra8) 26. Rd1 {[%emt 0:01:00][%cal Bf1d1,Bd1d7,Bd7e7][%mdl 32] White is clearly winning.} Qe8 27. Rdd7 Rd8 28. Rxe7 {[%emt 0:00:14] Weighted Error Value: White=0.27 (precise) /Black=0.53} 1-0

[Event "44th Chess Olympiad Women 2022"]
[Site "Chennai"]
[Date "2022.07.30"]
[Round "2.8"]
[White "Nilssen, Ellen Fredericia"]
[Black "Heinemann, Josefine"]
[Result "0-1"]
[ECO "E51"]
[WhiteElo "2142"]
[BlackElo "2321"]
[Annotator "TA"]
[PlyCount "70"]
[EventDate "2022.07.29"]
[EventType "team-tourn"]
[EventCountry "IND"]
[SourceTitle "playchess.com"]
[Source "ChessBase"]
[SourceQuality "1"]
[WhiteTeam "Denmark"]
[BlackTeam "Germany"]
[WhiteTeamCountry "DEN"]
[BlackTeamCountry "GER"]
[TimeControl "40/5400+30:1800+30"]

1. d4 Nf6 2. c4 e6 3. Nc3 Bb4 4. e3 O-O 5. Bd2 d5 6. Nf3 b6 7. cxd5 exd5 8. Rc1 {[%emt 0:00:12] E51: Nimzo-Indian: Rubinstein: 4...0-0 5 Nf3 d5.} Bb7 9. Bd3 Be7 10. O-O {[%emt 0:02:09] The position is equal.} c5 11. dxc5 bxc5 12. Qe2 Re8 13. Rfd1 {[%emt 0:05:01] [#]} (13. Na4 $5 ) 13... Nbd7 $146 ({Predecessor:} 13... c4 14. Bc2 Nc6 15. Be1 Bc5 16. Ba4 Bb6 17. b3 cxb3 18. axb3 Re6 19. h3 Qe7 20. Nxd5 Nxd5 21. Rxd5 {1-0 (56) Furman,S-Simagin,V Vilnius 1949}) 14. Ba6 $1 Bc6 15. Bb5 Bxb5 16. Nxb5 a6 17. Nc3 Bd6 18. Qd3 (18. b3 $11) 18... c4 $15 19. Qf5 Nc5 20. Rb1 (20. Nxd5 Nxd5 21. Rxc4 Rc8 $1 $17) (20. Qc2 $15) 20... Nd3 $1 $17 21. Ne1 {[%emt 0:04:03] [#]} ({Not} 21. Nxd5 $2 Nxd5 22. Ng5 Nf6 $19) (21. Rf1 $17) 21... Re5 (21... Bxh2+ $1 $19 22. Kf1 (22. Kxh2 $2 Re5 $19) 22... Re5) 22. Qf3 $11 Nc5 23. Ne2 Nfe4 $36 {[%emt 0:07:40][%mdl 2048] Black has the initiative.} 24. Ng3 ({Better is} 24. Rbc1 $11) 24... Re6 {[%emt 0:07:02] And now ...Rf6 would win.} 25. Bc3 {[%emt 0:03:34] Inhibits Rf6. White does not recover from this.} (25. Bb4 $15) 25... Bxg3 $19 26. hxg3 Nxc3 {[%emt 0:00:25] Black is more active.} 27. bxc3 {[%emt 0:00:06] [#]} Ne4 $1 28. Rb2 Nxc3 29. Rd4 (29. Rc1 $17 Ne4 30. Qd1) 29... Rb8 30. Rc2 (30. Rdd2) 30... Qa5 {[%emt 0:01:51] ...Rb1 is the strong threat.} 31. Rcd2 (31. Kh2 $142 Rb1 32. Rxc4) 31... Rb1 32. Kf1 Rh6 33. Rh4 {[%emt 0:00:51] Against Rh1+} Rxh4 34. gxh4 Ne4 {[%emt 0:00:25] ( -> ...Rxe1+)} 35. Rd3 Qxe1# {[%emt 0:00:06] Weighted Error Value: White=1.04/Black=0.30} 0-1

[Event "44th Chess Olympiad Women 2022"]
[Site "Chennai"]
[Date "2022.07.30"]
[Round "2.8"]
[White "Kakulidis, Ellen"]
[Black "Wagner, Dinara"]
[Result "0-1"]
[ECO "D11"]
[WhiteElo "2057"]
[BlackElo "2341"]
[Annotator "TA"]
[PlyCount "68"]
[EventDate "2022.07.29"]
[EventType "team-tourn"]
[EventCountry "IND"]
[SourceTitle "playchess.com"]
[Source "ChessBase"]
[SourceQuality "1"]
[WhiteTeam "Denmark"]
[BlackTeam "Germany"]
[WhiteTeamCountry "DEN"]
[BlackTeamCountry "GER"]
[TimeControl "40/5400+30:1800+30"]

1. d4 Nf6 2. Nf3 d5 3. g3 Bf5 4. c4 e6 5. Bg2 h6 6. Nc3 c6 7. O-O Be7 8. h3 {[%emt 0:17:17] D11: Slav Defence: 3 Nf3 sidelines and 3...Nf6 4 e3 Bg4.} O-O 9. Nd2 Nbd7 10. e4 {[%emt 0:01:36] The position is equal.} dxe4 11. Ndxe4 Nxe4 12. Nxe4 Nf6 13. Nc3 Rc8 {[%emt 0:04:23] [#]} 14. Qb3 $146 ({Predecessor:} 14. Be3 b6 15. Qe2 c5 16. Rfd1 cxd4 17. Bxd4 Qc7 18. b3 a6 19. Rac1 Nd7 20. Nd5 exd5 21. Qxe7 dxc4 22. Rxc4 {1-0 (67) Samadov,R (2332)-Migot,T (2353) Chess.com INT 2021}) 14... Qb6 15. Be3 Qxb3 16. axb3 a6 17. Rfc1 Rfd8 18. Na4 Bd6 19. f4 h5 20. Nc3 Bb8 21. b4 Ba7 (21... h4 $17 22. g4 {[#]} Bxg4 $1 23. hxg4 Nxg4) 22. b5 (22. Rd1 $11 {keeps the balance.}) 22... Bxd4 $17 23. Bxd4 Rxd4 24. bxa6 bxa6 25. b3 (25. Rxa6 $17 Rxc4 26. Ra4 Rxa4 27. Nxa4) 25... Rd3 26. Rxa6 (26. Kh2 $142) 26... Rxg3 $19 27. Kh2 h4 28. Bxc6 $2 (28. b4) 28... Rxh3+ 29. Kg1 Rg3+ 30. Kh1 (30. Kf1 $142) 30... Kh7 {[%emt 0:02:24][%cal Oc8c6] White must now prevent ...Rxc6!} 31. b4 Bg4 {[%emt 0:05:38][%cal Oc8c6] ( -> ...Rxc6!)} 32. b5 {[%emt 0:00:48] [#]} Rxc6 $1 {[%emt 0:00:33][%mdl 512] Black mates.} 33. bxc6 (33. Rf1 Rxc4) 33... Bf3+ 34. Kh2 Ng4# {[%emt 0:00:04] Weighted Error Value: White=0.90/Black=0.40} 0-1

[Event "44th Chess Olympiad Women 2022"]
[Site "Chennai"]
[Date "2022.07.30"]
[Round "2.9"]
[White "Mkrtchyan, Mariam"]
[Black "Stanford, Sheila Barth"]
[Result "1-0"]
[ECO "E08"]
[WhiteElo "2285"]
[BlackElo "2097"]
[Annotator "TA"]
[PlyCount "79"]
[EventDate "2022.07.29"]
[EventType "team-tourn"]
[EventCountry "IND"]
[SourceTitle "playchess.com"]
[Source "ChessBase"]
[SourceQuality "1"]
[WhiteTeam "Armenia"]
[BlackTeam "Norway"]
[WhiteTeamCountry "ARM"]
[BlackTeamCountry "NOR"]
[TimeControl "40/5400+30:1800+30"]

1. d4 Nf6 2. c4 e6 3. Nf3 d5 4. g3 Bb4+ 5. Bd2 Be7 6. Bg2 O-O 7. Qc2 Nbd7 8. O-O c6 9. Rd1 b6 10. Bf4 Bb7 11. Nc3 dxc4 12. Nd2 {[%emt 0:06:29] E08: Closed Catalan: Main Line: 7 Qc2.} Nd5 13. Nxc4 Nxf4 14. gxf4 {[%emt 0:00:03] The position is equal.} Qc7 15. f5 {[%emt 0:07:31] [#]} Qf4 $146 ({Predecessor:} 15... exf5 16. Qxf5 g6 17. Qf3 Rad8 18. Rac1 Bf6 19. Qg3 Qxg3 20. hxg3 Ba6 21. b3 c5 {0-1 (61) Gretarsson,H (2516)-Klein,D (2445) Wijk aan Zee 2013}) 16. fxe6 fxe6 17. e3 Qh4 18. f4 Nf6 19. Ne5 Ng4 20. Nxg4 {[%emt 0:08:25] Active counter play!} Qxg4 21. Kh1 Rac8 (21... g5 $11) 22. Rg1 Rf7 23. Qb3 Qf5 24. Be4 Qf6 25. Bf3 Rc7 26. Rg3 ({White should play} 26. Ne4 $16 Qf5 27. Ng5 Bxg5 28. Rxg5) 26... Kh8 (26... c5 $11 {keeps the balance.}) 27. Rag1 (27. Ne4 $16 Qf5 28. Ng5) 27... c5 $11 28. Bxb7 Rxb7 29. dxc5 Bxc5 30. Ne4 Qe7 (30... Qf5 $1 $11 {remains equal.} 31. Ng5 Rf6) 31. Ng5 $16 Rf6 32. Rh3 h6 33. Qd3 {[%emt 0:00:37][%csl Gg5][%cal Rd3h7] [#]} Rf5 34. Qe4 Rb8 35. Nxe6 $40 {[%emt 0:00:52][%cal Bg5e6,Be6g7,Bg7h5][%mdl 160] Black is in trouble.} Rf7 {[%emt 0:00:03][%mdl 8192] This move loses the game for Black.} (35... Qb7 $16 36. Qg2 Qxg2+ 37. Rxg2 Rf6 38. Nxc5 (38. Nxg7 Rg8 $16) 38... bxc5) 36. Qe5 $18 Qb7+ 37. Rg2 Rf6 38. Nxg7 {[%emt 0:00:45] [#] White threatens Ne8 and mate.} Rg6 39. Nh5+ Kg8 40. Qe6+ {[%emt 0:00:43] Weighted Error Value: White=0.11 (very precise) /Black=0.55} 1-0

[Event "44th Chess Olympiad Women 2022"]
[Site "Chennai"]
[Date "2022.07.30"]
[Round "2.9"]
[White "Machlik, Edit"]
[Black "Mkrtchian, Lilit"]
[Result "0-1"]
[ECO "D36"]
[WhiteElo "2084"]
[BlackElo "2362"]
[Annotator "TA"]
[PlyCount "52"]
[EventDate "2022.07.29"]
[EventType "team-tourn"]
[EventCountry "IND"]
[SourceTitle "playchess.com"]
[Source "ChessBase"]
[SourceQuality "1"]
[WhiteTeam "Norway"]
[BlackTeam "Armenia"]
[WhiteTeamCountry "NOR"]
[BlackTeamCountry "ARM"]
[TimeControl "40/5400+30:1800+30"]

1. d4 Nf6 2. c4 e6 3. Nc3 d5 4. cxd5 exd5 5. Bg5 c6 6. e3 h6 7. Bh4 Be7 8. Qc2 O-O 9. Bd3 Re8 10. h3 Ne4 11. Bxe7 Qxe7 12. Nf3 Nd7 13. O-O Nf8 {[%emt 0:12:00] D36: Queen's Gambit Declined: Exchange Variation: Main line (5 Bg5 c6 6 Qc2).} 14. Rab1 Ng6 {[%emt 0:05:58] [#]} 15. b4 $146 ({Predecessor:} 15. Na4 Bf5 16. b4 Rac8 17. Rfc1 Qf6 18. Nc5 b6 19. Na4 Bxh3 20. Rb2 Bg4 21. Nh2 {0-1 (42) Bouttier,P-Bergraser,V France 1954}) 15... Qf6 {[%emt 0:13:47][%cal Oc8h3] The position is equal.} 16. Bxe4 dxe4 17. Nd2 (17. Nxe4 $2 Rxe4 $1 18. Nd2 (18. Qxe4 $2 Bf5 $19) 18... Re8 $19) 17... Nh4 {[%emt 0:00:40][%cal Oc8h3] Strongly threatening ...Bxh3!} ({Resist} 17... Bf5 18. Ncxe4 (18. Ndxe4 Qe6 $14) 18... Qe6 19. f3 $16) 18. Ne2 Bd7 19. Ng3 Qg6 20. Qc5 ({Wrong is} 20. Ndxe4 $2 Bf5 21. f3 Qxg3 22. Nxg3 Bxc2 $19) 20... Be6 21. a4 ({Avoid the trap} 21. Ndxe4 $2 Bd5 22. Nd2 {[#]} Rxe3 $1 $19) 21... Bd5 {[%emt 0:00:19] ...f5 is the strong threat.} (21... f5 {keeps more tension.} 22. b5 f4 23. Qh5 fxe3 24. Qxg6 exf2+ 25. Rxf2 Nxg6 26. Ndxe4 cxb5 27. axb5 Rad8) 22. Rfc1 ({Better is} 22. b5 $11) 22... b6 ({Black should try} 22... f5 $1 $15 23. Qc2 f4 24. exf4 e3 25. Qxg6 Nxg6 26. fxe3 Rxe3) 23. Qc2 $11 Rac8 24. Qd1 f5 {[%emt 0:03:37][%cal Of5f4] Against Qg4. aiming for ...f4!} 25. Qh5 Qf6 26. Ne2 $2 (26. Nc4 $11) 26... Bf7 {[%emt 0:00:24] Weighted Error Value: White=0.59/Black=0.14 (very precise)} 0-1

[Event "44th Chess Olympiad Women 2022"]
[Site "Chennai"]
[Date "2022.07.30"]
[Round "2.9"]
[White "Rodsmoen, Maud"]
[Black "Gaboyan, Susanna"]
[Result "0-1"]
[ECO "B33"]
[WhiteElo "1975"]
[BlackElo "2270"]
[Annotator "TA"]
[PlyCount "78"]
[EventDate "2022.07.29"]
[EventType "team-tourn"]
[EventCountry "IND"]
[SourceTitle "playchess.com"]
[Source "ChessBase"]
[SourceQuality "1"]
[WhiteTeam "Norway"]
[BlackTeam "Armenia"]
[WhiteTeamCountry "NOR"]
[BlackTeamCountry "ARM"]
[TimeControl "40/5400+30:1800+30"]

1. e4 c5 2. Nf3 Nc6 3. d4 cxd4 4. Nxd4 Nf6 5. Nc3 e5 6. Ndb5 d6 7. Bg5 a6 8. Na3 b5 9. Nd5 Be7 10. Bxf6 Bxf6 11. c4 b4 12. Nc2 a5 {[%emt 0:00:15] 12...0-0 is the fancy move.} 13. g3 {[%emt 0:01:03] B33: Sicilian: Pelikan and Sveshnikov Variations.} g6 14. Bg2 Bg7 15. h4 {[%emt 0:04:33] The position is equal.} h5 16. O-O O-O 17. Qd3 {[%emt 0:09:49] [#]} Nb8 $146 ({Predecessor:} 17... Be6 18. b3 Qb8 19. Rfd1 Qa7 20. Qe3 Nd4 21. Nxd4 exd4 22. Qd3 Bxd5 23. exd5 a4 {0-1 (51) Bellahcene,B (2528)-Salem,A (2690) Dubai 2021}) 18. a3 bxa3 19. Rxa3 Na6 20. Qd2 Rb8 21. Nce3 Nc5 22. b4 axb4 23. Nxb4 {[%emt 0:00:20] [#] Strongly threatening Nc6. Pair of Knights!} Bb7 {[%emt 0:01:52] Inhibits Nc6.} 24. Ned5 Ne6 25. Nc2 Nd4 26. Nxd4 {[%emt 0:04:02] Black must now prevent Nb5.} Bxd5 27. cxd5 {[%emt 0:04:05] [#] Threatens to win with Nc6.} exd4 28. Rc1 Qb6 29. Rc6 Qb1+ 30. Kh2 $2 (30. Rc1 $11 Qb7 31. Bf1) 30... Rb2 $19 31. Qd3 Qxd3 32. Rxd3 Rxf2 33. Kg1 Ra2 {[%emt 0:01:49] Hoping for ...Rb8.} 34. Rxd6 $2 (34. Rb3 {keeps fighting.} Be5 35. Rcb6) 34... Rb8 35. Bf1 (35. Bf3 $142 Be5 36. Rc6) 35... Bh6 {[%emt 0:00:37] ...Rb1 is the strong threat.} 36. Rf6 Be3+ 37. Kh1 Rbb2 38. Rxe3 dxe3 39. d6 e2 {[%emt 0:00:06] Weighted Error Value: White=1.20/Black=0.03 (flawless)} (39... Kg7 $142 40. Kg1 Kxf6 41. d7 Ke7 42. e5 Kxd7 43. Bh3+ Kc6 44. e6 Ra1+ 45. Bf1 Rf2 46. exf7 Raxf1#) 0-1

[Event "44th Chess Olympiad Women 2022"]
[Site "Chennai"]
[Date "2022.07.30"]
[Round "2.10"]
[White "Assaubayeva, Bibisara"]
[Black "Vanduyfhuys, Daria"]
[Result "1-0"]
[ECO "D36"]
[WhiteElo "2436"]
[BlackElo "2094"]
[Annotator "TA"]
[PlyCount "67"]
[EventDate "2022.07.29"]
[EventType "team-tourn"]
[EventCountry "IND"]
[SourceTitle "playchess.com"]
[Source "ChessBase"]
[SourceQuality "1"]
[WhiteTeam "Kazakhstan"]
[BlackTeam "Belgium"]
[WhiteTeamCountry "KAZ"]
[BlackTeamCountry "BEL"]
[TimeControl "40/5400+30:1800+30"]

1. d4 d5 2. c4 e6 3. Nc3 Nf6 4. cxd5 exd5 5. Bg5 Be7 6. e3 c6 7. Bd3 O-O 8. Qc2 Nbd7 9. h3 Re8 10. Nf3 Nf8 11. O-O-O Be6 12. Kb1 Qa5 {[%emt 0:04:48] D36: Queen's Gambit Declined: Exchange Variation: Main line (5 Bg5 c6 6 Qc2).} 13. Nd2 Rac8 14. g4 b5 {[%emt 0:10:08] [#] The position is equal.} (14... Ne4 $5 15. Bxe7 Nxc3+ 16. Qxc3 Qxc3 17. bxc3 Rxe7 $11) 15. f4 $146 ({Predecessor:} 15. Rc1 Qb6 16. Bxf6 Bxf6 17. Nb3 a5 18. Ne2 Be7 19. Nf4 a4 20. Nc5 Bxc5 21. dxc5 {½-½ (66) Iruzubieta Villaluenga,J (2410)-Mena Corrochano,A Oropesa del Mar 1996}) 15... Bd7 16. Rhe1 Qb6 (16... h6 $11 17. Bh4 Ne6) 17. Nf3 a5 (17... h6 $16 {was worth a try.}) 18. Bxf6 $18 Bxf6 19. g5 $1 Be7 20. Ne5 $1 Rc7 {[%emt 0:01:59] [#]} (20... Rcd8 $142 21. h4 Bd6) 21. e4 (21. Bxh7+ $1 $18 Nxh7 22. g6 fxg6 23. Qxg6 (23. Nxd7 $2 Rxd7 24. Qxg6 Qd8 $19) 23... Bf5+ 24. Qxf5) 21... dxe4 (21... b4 $16 22. exd5 bxc3) 22. Nxe4 Be6 23. Nc5 {[%emt 0:04:18] Pair of Knights!} Bd5 24. f5 {[%emt 0:01:12][%cal Bf4f5,Bf5f6][%mdl 32] 0x0.0013bb89dfdedp-1022s more active pieces.} Bxc5 25. dxc5 Qb8 {[%emt 0:00:04] Strongly threatening ...Rce7.} 26. f6 $36 {[%emt 0:02:18][%mdl 2048] Inhibits Rce7. fxg7 is the strong threat. White is in control.} g6 27. Qf2 $1 Rcc8 28. Qg3 ({Better is} 28. Ng4 $16 Ne6 29. Re5 (29. Nh6+ Kf8 $11)) 28... Re6 $11 (28... Nd7 $2 29. Qh4 $1 h5 30. Nxd7 $18) 29. Re3 (29. Rd2 $11) 29... Rce8 $14 30. Rde1 h5 $2 {[%emt 0:03:30][%mdl 8192] [#] A mistake that costs the game.} (30... Nd7 31. Qh4 $1 Qd8 32. Nxd7 $1 $18 (32. Qh6 Nxf6 33. Rf1 Be4 $16)) (30... a4 $14) 31. gxh6 $1 $18 {[%emt 0:00:07][%cal Oh6h7] aiming for h7+!} Rxf6 $2 {[%emt 0:00:30] [#]} (31... Kh7 32. h4 Bc4) 32. Nd7 $1 Qxg3 33. Nxf6+ Kh8 34. Rxe8 {[%emt 0:00:03] Weighted Error Value: White=0.18 (very precise) /Black=0.49} ({Worse is} 34. Rxg3 Rxe1+ 35. Kc2 Bxa2 $17) (34. Nxe8 Qg5 $11) 1-0

[Event "44th Chess Olympiad Women 2022"]
[Site "Chennai"]
[Date "2022.07.30"]
[Round "2.10"]
[White "Nurgali, Nazerke"]
[Black "Barbier, Wiebke"]
[Result "1-0"]
[ECO "D02"]
[WhiteElo "2181"]
[BlackElo "1970"]
[Annotator "TA"]
[PlyCount "37"]
[EventDate "2022.07.29"]
[EventType "team-tourn"]
[EventCountry "IND"]
[SourceTitle "playchess.com"]
[Source "ChessBase"]
[SourceQuality "1"]
[WhiteTeam "Kazakhstan"]
[BlackTeam "Belgium"]
[WhiteTeamCountry "KAZ"]
[BlackTeamCountry "BEL"]
[TimeControl "40/5400+30:1800+30"]

1. d4 d5 2. Nf3 e6 3. Bf4 Nf6 4. e3 Be7 5. Bd3 O-O 6. O-O c5 7. c3 b6 8. Nbd2 Bb7 9. Qe2 {[%emt 0:05:03] D02: 1 d4 d5 2 Nf3 sidelines, including 2...Nf6 3 g3 and 2...Nf6 3 Bf4.} Nbd7 10. a4 {[%emt 0:02:24] [#]} Nh5 $146 ({Predecessor:} 10... Rc8 11. e4 dxe4 12. Nxe4 Nxe4 13. Bxe4 Bxe4 14. Qxe4 Nf6 15. Qb7 Nd5 16. Bg3 Bd6 17. dxc5 Bxg3 18. fxg3 Rxc5 19. Qxa7 {0-1 (28) Rotner,M-Fiori,B (2218) Playchess.com INT 2004}) 11. Ne5 {[%emt 0:05:12] The position is equal.} Nxf4 12. exf4 cxd4 13. cxd4 ({Don't blunder} 13. Qh5 $2 g6 14. Qh3 dxc3 15. bxc3 Rc8 $19) 13... Nb8 14. Rfc1 $40 {[%emt 0:03:42][%cal Od3h7][%mdl 128] Bxh7+! is the strong threat. White mounts an attack.} Qd6 $2 {[%emt 0:01:47][%mdl 8192] [#]} (14... Nd7 $11) 15. Rc3 $2 ({Less strong is} 15. Qh5 f5 $16) (15. Bxh7+ $1 $18 {[%mdl 512] is the precise move to win.} Kxh7 16. Qh5+ Kg8 17. Ra3) 15... Nc6 $2 {[%emt 0:02:50][%mdl 8192] [#]} (15... h6 $16) 16. Bxh7+ $1 {[%emt 0:01:30][%mdl 512] White mates.} Kh8 (16... Kxh7 17. Rh3+) 17. Qh5 g6 18. Bxg6+ Kg7 19. Qh7+ {[%emt 0:00:05] Black got outplayed after the opening.  Weighted Error Value: White=0.24 (precise) /Black=1.04} 1-0